Map: Amygdala

Players

MrPheonix - Winner!

  • Race: Protoss Protoss
  • League: Diamond
  • Spawn Location: 7:00

Elazaar

  • Race: Protoss Protoss
  • League: Gold
  • Spawn Location: 1:00

VOD

Have the link to the VOD?

Description

Time

  • Played on: Dec. 8, 2024, 9:54 p.m.
  • Length: 11:18
Show
View Real Time Build Order
Export as new Build Order

MrPheonix Protoss - Winner!

Build Orders: 1 Gate Expand, Oracle Opening, Archon Immortal 

Get SALT Encoding   

  12  0:00  Probe  
  13  0:12  Probe  
  14  0:19  Pylon  
  14  0:25  Probe  
  15  0:35  Probe  
  15  0:39  Gateway  
  16  0:44  Probe  
  16  0:49  Assimilator  
  17  0:52  Probe  
  19  1:04  Probe  
  19  1:16  Probe  
  21  1:32  Nexus  
  21  1:39  Cybernetics Core  
  19  1:45  Assimilator  
  19  1:47  Probe  
  20  1:55  Pylon  
  20  1:59  Probe  
  21  2:11  Probe  
  21  2:12  Adept  
  22  2:20  Stargate  
  22  2:21  Probe  
  24  2:29  Probe  
  25  2:30  Warp Gate  
  25  2:35  Adept  
  26  2:37  Probe  
  29  2:45  Probe  
  29  2:49  Probe  
  31  2:55  Oracle  
  31  2:57  Probe  
  32  3:01  Probe  
  36  3:08  Probe  
  37  3:13  Probe  
  37  3:16  Probe  
  38  3:25  Probe  
  40  3:32  Pylon, Oracle  
  43  3:44  Nexus  
  43  3:45  Probe x2  
  45  3:57  Probe x2, Twilight Council  
  45  3:59  Forge  
  47  4:08  Robotics Facility  
  47  4:09  Probe  
  49  4:10  Probe  
  49  4:22  Probe x2, Assimilator  
  49  4:23  Charge  
  51  4:34  Probe x2  
  53  4:41  Pylon  
  53  4:44  Pylon  
  53  4:46  Probe  
  53  4:47  Gateway x2  
  53  4:50  Observer  
  54  4:54  Probe, Protoss Ground Weapons Level 1  
  54  4:56  Assimilator  
  54  4:57  Probe  
  54  4:58  Probe  
  57  5:02  Probe  
  57  5:05  Probe  
  59  5:10  Probe x2  
  59  5:12  Pylon  
  61  5:15  Probe, Zealot  
  65  5:22  Probe x2  
  65  5:24  Gateway  
  65  5:27  Probe, Gateway  
  68  5:29  Assimilator  
  68  5:34  Probe x2  
  68  5:35  Assimilator  
  70  5:38  Robotics Facility  
  70  5:43  Templar Archives  
  70  5:46  Immortal  
  74  5:52  Probe x2  
  74  5:53  Probe  
  77  5:57  Zealot x2  
  77  5:59  Zealot  
  83  6:04  Probe  
  83  6:09  Probe x2  
  86  6:16  Probe  
  87  6:19  Pylon  
  87  6:21  Probe  
  87  6:22  Pylon  
  87  6:23  Zealot x2  
  87  6:24  Pylon  
  92  6:26  Probe  
  92  6:27  Immortal  
  92  6:30  Immortal  
  92  6:31  Gateway  
  93  6:33  Gateway  
  93  6:37  Probe  
  98  6:46  Probe  
  104  6:49  Probe  
  104  7:03  Zealot x4  
  104  7:04  Psionic Storm  
  104  7:05  Zealot  
  104  7:06  Nexus  
  104  7:08  Pylon  
  114  7:09  Pylon  
  114  7:15  Pylon  
  114  7:16  Immortal  
  114  7:19  Immortal  
  114  7:21  Probe x2  
  114  7:22  Probe  
  125  7:34  High Templar x5  
  135  7:37  High Templar x2  
  135  7:39  Archon x2  
  135  7:42  Archon  
  135  7:44  Probe x3  
  141  7:50  Pylon  
  141  7:53  Pylon  
  141  7:54  Shield Battery  
  141  7:55  Pylon  
  141  7:57  Shield Battery, Protoss Ground Weapons Level 2  
  141  8:08  Immortal, Probe x2  
  141  8:11  Immortal  
  141  8:12  Pylon  
  151  8:15  Pylon  
  151  8:17  High Templar x2  
  155  8:26  Stalker x3  
  149  8:32  Probe  
  149  8:33  Probe x2  
  147  8:38  Probe  
  147  8:40  Probe  
  147  8:41  Probe  
  147  8:45  Probe  
  147  8:46  Probe  
  147  8:47  High Templar  
  153  8:48  Probe  
  153  8:49  Probe  
  153  8:52  Immortal x2  
  156  8:56  Probe  
  156  8:57  Probe  
  156  9:00  Probe x2  
  168  9:08  Probe  
  168  9:09  Probe  
  170  9:12  Probe x2  
  172  9:20  Probe  
  172  9:22  Probe  
  174  9:29  High Templar x2  
  174  9:30  Zealot x4  
  174  9:31  Warp Prism, Zealot, Observer  
  188  9:32  Archon  
  191  9:42  Gateway  
  191  9:43  Gateway  
  191  9:46  Gateway  
  191  9:48  Gateway  
  191  9:51  Gateway x2  
  191  9:54  Gateway  
  191  9:55  Pylon  
  191  9:58  Pylon  
  191  10:01  Pylon  
  191  10:12  Immortal  
  195  10:14  Observer  
  195  10:18  High Templar  
  195  10:19  High Templar  
  200  10:22  Archon  
  161  11:05  Zealot x10  
  161  11:06  Zealot x4  
Show
View Real Time Build Order
Export as new Build Order

Elazaar Protoss 

Build Orders: Archon Immortal 

Get SALT Encoding   

  12  0:00  Probe  
  13  0:12  Probe  
  14  0:25  Pylon  
  14  0:28  Probe  
  15  0:43  Probe  
  15  0:44  Gateway  
  16  0:51  Probe  
  16  0:53  Assimilator  
  17  1:02  Probe  
  18  1:26  Probe  
  19  1:39  Cybernetics Core  
  19  2:02  Gateway  
  19  2:19  Pylon  
  19  2:23  Adept  
  19  2:27  Nexus  
  21  2:36  Pylon, Probe  
  22  2:48  Probe, Assimilator  
  23  3:00  Probe  
  23  3:05  Adept  
  23  3:06  Adept  
  23  3:07  Warp Gate  
  23  3:12  Probe  
  28  3:22  Probe  
  29  3:30  Probe  
  29  3:34  Assimilator  
  29  3:39  Probe  
  31  3:48  Nexus  
  31  3:51  Zealot  
  33  3:59  Shield Battery  
  33  4:09  Probe, Stargate  
  33  4:13  Probe  
  35  4:17  Probe  
  35  4:21  Probe  
  36  4:26  Pylon  
  36  4:27  Probe  
  36  4:31  Probe  
  39  4:39  Probe  
  39  4:43  Probe  
  41  4:52  Probe, Assimilator  
  42  4:55  Probe  
  43  5:01  Oracle  
  43  5:04  Probe  
  47  5:07  Probe  
  47  5:09  Twilight Council  
  47  5:13  Forge  
  48  5:18  Probe x2  
  50  5:22  Robotics Facility, Probe  
  51  5:30  Probe x2  
  51  5:32  Assimilator  
  51  5:34  Probe  
  54  5:38  Oracle  
  57  5:47  Probe x2  
  57  5:49  Probe  
  60  5:59  Probe x2  
  60  6:01  Probe  
  60  6:04  Gateway  
  63  6:06  Shield Battery  
  63  6:10  Pylon  
  63  6:11  Probe  
  63  6:12  Observer  
  65  6:27  Pylon  
  65  6:32  Gateway  
  65  6:35  Probe x3, Gateway  
  65  6:38  Pylon  
  68  6:47  Probe x2  
  68  6:50  Probe  
  68  6:51  Assimilator  
  68  6:52  Zealot x2  
  75  6:59  Templar Archives, Probe x2  
  77  7:08  Stalker  
  79  7:09  Probe  
  79  7:11  Probe  
  79  7:12  Probe  
  82  7:22  Pylon, Probe, Observer  
  84  7:23  Probe  
  84  7:25  Pylon  
  85  7:46  High Templar x5  
  95  7:52  Gateway  
  95  7:53  Archon x2  
  95  7:55  Gateway  
  95  7:58  Charge, Protoss Ground Weapons Level 1  
  95  8:01  Oracle  
  95  8:04  Gateway  
  95  8:05  Gateway  
  98  8:07  Fleet Beacon  
  98  8:12  Immortal  
  102  8:17  Robotics Facility  
  102  8:40  Zealot x5  
  112  8:43  Probe  
  112  8:44  Probe x2  
  115  8:56  Probe x2  
  117  9:07  Pylon  
  117  9:09  Pylon  
  117  9:11  Shield Battery  
  117  9:23  Pylon  
  117  9:25  Immortal, Probe  
  117  9:28  Pylon  
  122  9:32  Pylon  
  122  9:33  Robotics Bay  
  122  9:37  Tempest  
  122  9:42  Stargate  
  126  9:53  Immortal  
  126  9:54  Immortal  
  134  10:07  Zealot x9  
  134  10:14  Forge  
  152  10:20  Tempest  
  154  10:38  Immortal  
  151  10:42  Zealot x2  
  151  10:43  Zealot x2  
  151  10:49  Zealot x2  
  142  10:50  Zealot x2  
  142  10:55  Unknown  
  89  11:04  Zealot x3  
Tags
 
Add a new tag
Caveats
  • Supply blocks, unpowered buildings, or Contaminate may cause inaccurate times.
  • Supply counts are checked every 10 seconds.